 Dungeon Crawl Stone Soup version 0.31.0-1-g2c135a0 (webtiles) character file.

Game seed: 8701034663272135562

148388 Soulflayer the Warrior (level 16, -2/160 HPs)
             Began as a Minotaur Fighter on Mar 29, 2024.
             Was a High Priest of Okawaru.
             Hit by a silver javelin thrown by a merfolk javelineer (3 damage)
             ... on level 3 of the Shoals.
             The game lasted 01:21:31 (28697 turns).

Soulflayer the Warrior (Minotaur Fighter)          Turns: 28697, Time: 01:21:31

Health: -2/160     AC: 38    Str: 29    XL:     16   Next: 94%
Magic:  18/22      EV: 12    Int:  5    God:    Okawaru [*****.]
Gold:   2860       SH: 21    Dex: 13    Spells: 15/15 levels left

rFire   . . .        O - +7 broad axe (elec)
rCold   + + .        R - +1 kite shield of Wisdom {rC+}
rNeg    + . .        z - +8 plate armour of Kamir {Dex+3}
rPois   .            S - +2 hat
rElec   .            y - +0 cloak
rCorr   .            I - +2 pair of gloves
SInv    .            C - +1 pair of boots
Will    +....        a - amulet of reflection Stlth
                     H - ring of protection from cold
HPRegen 0.46/turn    j - ring of positive energy
MPRegen 0.18/turn

%: reflection
@: heroic, finesse-ful, very slow
A: horns 2, retaliatory headbutt
a: Renounce Religion, Heroism, Finesse, Duel


You were on level 3 of the Shoals.
You worshipped Okawaru.
Okawaru was extremely pleased with you.
You visited 5 branches of the dungeon, and saw 27 of its levels.
You visited 1 bazaar.
You also visited: Ossuary.

You collected 3303 gold pieces.
You spent 443 gold pieces at shops.

Inventory:

Hand Weapons
 M - a +5 morningstar
 N - a +2 heavy broad axe
 O - a +7 broad axe of electrocution (weapon)
 V - a +0 vampiric battleaxe
Missiles
 e - 7 throwing nets
 D - 15 javelins (quivered)
 W - 5 silver javelins
Armour
 v - the +4 chain mail "Buull" {rElec rF+ Str+5}
   (You found it on level 3 of the Lair of Beasts)

   Str+5:     It affects your strength (+5).
   rF+:       It protects you from fire.
   rElec:     It insulates you from electricity.
 y - a +0 cloak (worn)
 z - the +8 plate armour of Kamir (worn) {Dex+3}
   (You found it on level 15 of the Dungeon)

   Dex+3:     It affects your dexterity (+3).
 C - a +1 pair of boots (worn)
 I - a +2 pair of gloves (worn)
 R - the +1 kite shield of Wisdom (worn) {rC+}
   (You acquired it on level 2 of the Lair of Beasts)

   rC+:       It protects you from cold.
 S - a +2 hat (worn)
Jewellery
 a - an amulet of reflection (around neck)
 j - a ring of positive energy (right hand)
 k - a +5 ring of evasion
 H - a ring of protection from cold (left hand)
 Y - an amulet of regeneration
Wands
 g - a wand of flame (51)
 p - a wand of quicksilver (5)
 t - a wand of mindburst (16)
 L - a wand of paralysis (13)
Scrolls
 c - a scroll of blinking
 f - 2 scrolls of enchant armour
 h - a scroll of torment
 i - 6 scrolls of poison
 o - 6 scrolls of teleportation
 q - a scroll of vulnerability
 r - 5 scrolls of revelation
 u - 8 scrolls of fog
 J - 13 scrolls of identify
 P - 2 scrolls of immolation
 U - 2 scrolls of fear
 X - a scroll of silence
 Z - 2 scrolls of amnesia
Potions
 b - 3 potions of resistance
 d - 4 potions of might
 l - 4 potions of attraction
 m - 2 potions of enlightenment
 n - 9 potions of curing
 x - 2 potions of heal wounds
 A - 4 potions of lignification
 B - 4 potions of magic
 E - 3 potions of mutation
 F - 3 potions of ambrosia
 G - 3 potions of berserk rage
 K - 2 potions of haste
 Q - a potion of brilliance
Miscellaneous
 s - a tin of tremorstones (2/2)
 T - a phial of floods


   Skills:
 * Level 19.1(24.1) Fighting
 - Level 18.0(23.0) Axes
 + Level 16.6(21.6) Armour
 - Level 5.0(10.0) Dodging
 + Level 16.4(21.4) Shields
 - Level 10.0 Invocations
 - Level 4.0 Evocations


You had 15 spell levels left.
You didn't know any spells.
Your spell library contained the following spells:

 Spells                   Type           Power      Damage    Failure   Level
 Foxfire                  Conj/Fire      0%         2x1d4     94%         1
 Freeze                   Ice            0%         1d3       94%         1
 Magic Dart               Conj           0%         1d3       94%         1
 Necrotise                Necr           0%         1d4       94%         1
 Ensorcelled Hibernation  Hex/Ice        0%         N/A       98%         2
 Searing Ray              Conj           0%         2d4       98%         2
 Sublimation of Blood     Necr           0%         N/A       98%         2
 Frozen Ramparts          Ice            0%         1d1       100%        3
 Hailstorm                Conj/Ice       0%         3d5       100%        3
 Inner Flame              Hex/Fire       0%         N/A       100%        3
 Passwall                 Erth           0%         N/A       100%        3
 Swiftness                Air            0%         N/A       100%        3
 Vampiric Draining        Necr           0%         2d6       100%        3
 Dimensional Bullseye     Hex/Tloc       0%         N/A       100%        4
 Fulminant Prism          Conj/Alch      0%         3d5       100%        4
 Iskenderun's Mystic Bla  Conj/Tloc      0%         2d3       100%        4
 Borgnjor's Vile Clutch   Necr/Erth      0%         N/A       100%        5
 Curse of Agony           Necr           0%         N/A       100%        5
 Irradiate                Conj/Alch      0%         3d11      100%        5
 Eringya's Noxious Bog    Alch           0%         4d6       100%        6
 Plasma Beam              Fire/Air       0%         2x1d10    100%        6
 Starburst                Conj/Fire      0%         6d3       100%        6
 Ignition                 Fire           0%         3d3       100%        8
 Summon Ice Beast         Ice/Summ       Unusable   N/A       N/A         3
 Tukima's Dance           Hex            Unusable   N/A       N/A         3
 Martyr's Knell           Necr/Summ      Unusable   N/A       N/A         4
 Summon Forest            Summ/Tloc      Unusable   N/A       N/A         5
 Sculpt Simulacrum        Ice/Alch       Unusable   N/A       N/A         6
 Summon Hydra             Summ           Unusable   N/A       N/A         7

Dungeon Overview and Level Annotations

Branches:
Dungeon (15/15)            Temple (1/1) D:4            Lair (5/5) D:9
 Shoals (4/4) Lair:2       Spider (0/4) Lair:3        Slime (0/5) Lair:4
    Orc (2/2) D:11            Elf (0/3) Orc:2        Vaults (0/5) D:13
 Depths (0/4) D:15        Ossuary (visited)

Altars:
Ashenzari
Cheibriados
Dithmenos
Elyvilon
Fedhas
Gozag
Hepliaklqana
Kikubaaqudgha
Makhleb
Nemelex Xobeh
Okawaru
Qazlal
Ru
Sif Muna
Trog
Uskayaw
Vehumet
Wu Jian
Xom
Yredelemnul
Zin
The Shining One
Jiyva

Shops:
D:3 !   D:4 [   D:5 (   Orc:1 [   Orc:2 =?[(   Shoals:1 *


Innate Abilities, Weirdness & Mutations

You have a pair of horns on your head.
You reflexively headbutt those who attack you in melee.


Message History

The silver javelin pierces through you.
* * * LOW HITPOINT WARNING * * *
x2 You barely miss the merfolk javelineer.
You headbutt the merfolk javelineer!
You kill the merfolk javelineer!
Okawaru accepts your kill. Okawaru grants you throwing weapons!
Something appears at your feet!
You hear a splash. x3
You enter the shallow water.
Moving in this stuff is going to be slow.
The merfolk javelineer throws a silver javelin.
The silver javelin pierces through you.
* * * LOW HITPOINT WARNING * * *
x2 The merfolk javelineer throws a silver javelin.
The silver javelin pierces through you.
* * * LOW HITPOINT WARNING * * *
x2 You block the merfolk javelineer's attack.
You see here a manticore corpse.
Your unstable footing causes you to fumble your attack.
Your unstable footing causes you to fumble your attack.
Your unstable footing causes you to fumble your attack.
The merfolk javelineer throws a silver javelin.
The silver javelin closely misses you.
Your unstable footing causes you to fumble your attack.
Your unstable footing causes you to fumble your attack.
Your unstable footing causes you to fumble your attack.
The merfolk javelineer throws a silver javelin.
The silver javelin pierces through you.
* * * LOW HITPOINT WARNING * * *
x2 Your unstable footing causes you to fumble your attack.
You feel better.
The merfolk javelineer throws a silver javelin.
The silver javelin pierces through you!
* * * LOW HITPOINT WARNING * * *
x2 Your unstable footing causes you to fumble your attack.
Your unstable footing causes you to fumble your attack.
The merfolk javelineer throws a silver javelin.
The silver javelin pierces through you!!
* * * LOW HITPOINT WARNING * * *
You die...

≈≈≈≈≈≈≈~...
~~~≈≈≈≈≈≈≈≈≈≈≈≈≈≈≈≈≈~~~~
~~~~~~≈≈~~~≈≈≈≈≈≈≈≈≈≈≈≈~~~
~~~~.~≈≈~..~≈≈≈≈≈≈≈≈≈≈≈≈≈≈
.~.~~~~≈~~.~≈≈≈≈≈≈≈≈≈≈≈≈≈≈
~~~~~≈≈≈~~~~~≈≈≈≈ ≈≈≈≈≈≈≈≈
~~~~~≈≈≈~~~.~≈≈≈≈ ≈≈≈≈≈≈≈
~~~~.~~~~~~.~~~~≈≈
~~~~~.~~~).~@m~~~.~~
~~~~.....†).~~.~~~~≈
~~~~..#...).~...~≈≈≈
~~~~........~~~.~≈~..
~~~~........~~≈≈≈~...
~~~~.......~~~~≈≈....
~~~~~~......~..≈≈~.##
~~~~~~~.....~..≈≈≈~.#
~~~~~~..>.#.≈~.≈≈≈≈..


You could see a merfolk javelineer.

Vanquished Creatures
  Jorgrun (Shoals:2)
  Polyphemus (Shoals:4)
  A kraken (Shoals:2)
  2 storm dragons (D:15)
  2 tengu reavers (D:15)
  Kirke (Lair:3)
  Donald (Orc:2)
  An ironbound preserver (D:13)
  An orc warlord (Orc:2)
  A dire elephant (Lair:5)
  Snorg (D:10)
  A merfolk javelineer (Shoals:3)
  A merfolk impaler (Shoals:1)
  An ettin (D:15)
  An entropy weaver (D:13)
  2 yaktaur captains (D:15)
  13 hydras
  The ghost of Estrea the Ripper, a journeyman FeBe of Trog (Lair:4)
  Harold (D:10)
  A great orb of eyes (D:15)
  2 alligators (Shoals:1)
  4 catoblepae
  3 merfolk aquamancers (Shoals:4)
  3 ogre magi (D:15)
  An alligator snapping turtle (Shoals:1)
  A death knight (D:15)
  13 centaur warriors
  Erica (Lair:2)
  3 boulder beetles (D:15)
  9 two-headed ogres
  5 death yaks
  2 satyrs
  2 tengu warriors
  A goliath frog (Shoals:1)
  Sonja (D:10)
  7 skeletal warriors
  2 skysharks
  A swamp dragon (shapeshifter) (D:15)
  8 sea snakes
  A phantasmal warrior (D:15)
  A harpy (shapeshifter) (D:15)
  12 harpies
  A lindwurm (Lair:3)
  3 orc knights (D:15)
  3 deep elf pyromancers (D:15)
  4 fauns
  22 manticores
  5 ugly things (D:15)
  2 wolf spiders (Lair:5)
  4 black mambas
  10 cyclopes
  5 elephants
  4 merfolk sirens
  4 kobold blastminers (Orc:2)
  Joseph (D:9)
  A water nymph (Shoals:1)
  A gargoyle (D:11)
  7 komodo dragons
  18 cane toads
  Maggie (D:9)
  6 yaktaurs (D:15)
  A kobold demonologist (D:12)
  5 rime drakes
  An unseen horror (D:10)
  5 freezing wraiths
  3 tengu conjurers (D:15)
  6 trolls
  A polar bear (Lair:2)
  A queen bee (shapeshifter) (D:15)
  9 merfolk
  A raiju (shapeshifter) (D:15)
  2 hornets
  A wolf spider simulacrum (D:15)
  9 blink frogs (Lair:2)
  11 snapping turtles
  11 dream sheep
  A tarantella (shapeshifter) (D:13)
  4 wind drakes
  22 slime creatures
  3 jumping spiders (Lair:3)
  3 water elementals
  4 shadows
  A wraith (D:13)
  5 hogs (Lair:3)
  6 wyverns
  A vampire (D:12)
  4 basilisks
  44 yaks
  A warg (Orc:2)
  2 redbacks
  A human (Lair:3)
  3 vampire mosquitoes
  Menkaure (Ossuary)
  2 steam dragons
  Edmund (D:5)
  2 acid dragons
  13 water moccasins
  3 ice beasts
  32 orc warriors
  3 laughing skulls
  A sky beast (D:8)
  A boggart (shapeshifter) (D:15)
  15 wolves
  12 ogres
  9 centaurs
  5 kobold brigands
  3 phantoms
  Blork the orc (D:6)
  8 bullfrogs
  2 gnoll sergeants
  A scorpion (D:5)
  8 wights (D:9)
  3 troll zombies (D:11)
  6 howler monkeys
  An electric eel (Lair:2)
  A bombardier beetle (D:4)
  4 hounds
  A gnoll bouda (D:5)
  3 jellies (Lair:4)
  16 orc priests
  Crazy Yiuf (D:5)
  Natasha (thrice) (D:2)
  3 iguanas
  Ijyb (D:3)
  25 orc wizards
  5 ogre zombies (D:11)
  3 mummies (Ossuary)
  17 gnolls
  5 adders
  A white imp (D:6)
  4 ufetubi
  3 dart slugs
  76 orcs
  7 endoplasms
  7 giant cockroaches
  5 gnoll zombies
  6 goblins
  5 hobgoblins
  3 quokkas
  9 ball pythons
  4 bats
  2 frilled lizards
  7 gnoll skeletons
  2 goblin skeletons (Ossuary)
  A goblin zombie (Ossuary)
  4 hobgoblin skeletons (Ossuary)
  3 hobgoblin zombies (Ossuary)
  33 kobolds
  5 kobold skeletons (Ossuary)
  3 kobold zombies (Ossuary)
  6 orc skeletons
  22 orc zombies
  5 rats
  6 rat skeletons (Ossuary)
  11 rat zombies (Ossuary)
  4 tentacles (Shoals:2)
857 creatures vanquished.

Vanquished Creatures (others)
  A manticore (Shoals:3)
  An unseen horror (D:10)
  A merfolk (Shoals:3)
  4 tentacles (Shoals:2)
7 creatures vanquished.

Grand Total: 864 creatures vanquished

Notes
Turn   | Place    | Note
-------+----------+-------------------------------------------
     0 | D:1      | Soulflayer the Minotaur Fighter began the quest for the
                  | Orb.
     0 | D:1      | Reached XP level 1. HP: 19/19 MP: 0/0
   141 | D:1      | Reached XP level 2. HP: 16/26 MP: 1/1
   324 | D:1      | Found a faded altar of an unknown god.
   472 | D:1      | Reached XP level 3. HP: 25/31 MP: 2/2
   741 | D:2      | Noticed Natasha
   754 | D:2      | Killed Natasha
   755 | D:2      | Reached skill level 5 in Axes
   850 | D:2      | Reached XP level 4. HP: 34/39 MP: 3/3
   982 | D:2      | Noticed Natasha
   989 | D:2      | Killed Natasha
  1007 | D:2      | Noticed Natasha
  1011 | D:2      | Killed Natasha
  1012 | D:2      | Reached XP level 5. HP: 45/45 MP: 4/4
  1618 | D:3      | Found an ornate altar of the Wu Jian Council.
  1621 | D:3      | Found a burning altar of Makhleb.
  1691 | D:3      | Found Boshrywue's Distillery.
  1701 | D:3      | Bought 2 potions of might for 104 gold pieces
  2360 | D:4      | Noticed Ijyb
  2436 | D:3      | Killed Ijyb
  2582 | D:4      | Identified the +2 flail "Idotim Fili" {heavy, rN+}
  2687 | D:4      | Found a snail-covered altar of Cheibriados.
  2698 | D:4      | Reached XP level 6. HP: 51/51 MP: 5/5
  2743 | D:4      | Found a staircase to the Ecumenical Temple.
  2752 | Temple   | Entered the Ecumenical Temple
  2769 | Temple   | Became a worshipper of Warmaster Okawaru
  2894 | D:4      | Found Rijeir's Antique Armour Shoppe.
  3370 | D:5      | Entered Level 5 of the Dungeon
  3466 | D:5      | Identified the +2 robe of Muipicod {rPois rF++}
  3510 | D:5      | Reached skill level 4 in Fighting
  3649 | D:5      | Found a hazy altar of Hepliaklqana.
  3691 | D:5      | Reached skill level 1 in Invocations
  3712 | D:5      | Found a runed translucent door.
  3713 | D:5      | Noticed Crazy Yiuf
  3732 | D:5      | Noticed Edmund
  3755 | D:5      | Reached XP level 7. HP: 47/55 MP: 6/6
  3759 | D:5      | Killed Edmund
  3759 | D:5      | Reached * piety under Okawaru
  4272 | D:5      | Found Nogruall's Weapon Shoppe.
  4323 | D:5      | Reached XP level 8. HP: 59/67 MP: 5/8
  4567 | D:5      | Killed Crazy Yiuf
  4568 | D:5      | Reached skill level 5 in Fighting
  4626 | D:6      | Reached skill level 5 in Armour
  4634 | D:6      | Reached skill level 5 in Shields
  4647 | D:6      | Noticed Blork the orc
  4662 | D:6      | Killed Blork the orc
  4961 | D:6      | Found a sand-covered staircase.
  4970 | Ossuary  | Entered an ossuary
  5239 | Ossuary  | Noticed Menkaure
  5244 | Ossuary  | Killed Menkaure
  5244 | Ossuary  | Reached ** piety under Okawaru
  5245 | Ossuary  | Reached skill level 10 in Axes
  5823 | D:7      | Noticed a hornet
  5837 | D:7      | Paralysed by a hornet for 2 turns
  5839 | D:7      | Killed a hornet
  5840 | D:7      | Reached skill level 6 in Fighting
  5929 | D:7      | Reached XP level 9. HP: 75/75 MP: 10/10
  6279 | D:7      | Noticed a two-headed ogre
  6287 | D:7      | Killed a two-headed ogre
  6287 | D:7      | Reached *** piety under Okawaru
  7200 | D:8      | Reached skill level 7 in Fighting
  7934 | D:9      | Reached skill level 5 in Invocations
  7942 | D:9      | Reached XP level 10. HP: 70/86 MP: 12/12
  7942 | D:9      | Reached **** piety under Okawaru
  8057 | D:9      | Found a glowing golden altar of the Shining One.
  8148 | D:9      | Found a staircase to the Lair.
  8233 | D:9      | Reached skill level 8 in Fighting
  8386 | D:9      | Noticed Maggie
  8399 | D:9      | Killed Maggie
  8572 | D:9      | Noticed Joseph
  8583 | D:9      | Killed Joseph
  8653 | D:9      | Found a stormy altar of Qazlal.
  8656 | D:9      | Found a blossoming altar of Fedhas.
  8659 | D:9      | Found a shimmering altar of Xom.
  8884 | D:10     | Entered Level 10 of the Dungeon
  8993 | D:10     | Identified the +5 pair of boots "Ricix" {Harm}
  9168 | D:10     | Noticed Sonja
  9174 | D:10     | Noticed a two-headed ogre
  9309 | D:10     | Noticed Harold
  9320 | D:10     | Killed Harold
  9333 | D:10     | Reached ***** piety under Okawaru
  9334 | D:10     | Reached XP level 11. HP: 59/95 MP: 13/13
  9569 | Lair:1   | Entered Level 1 of the Lair of Beasts
  9588 | Lair:1   | Got Nituplaf's Commentary on the Grave
  9899 | Lair:1   | Reached skill level 9 in Fighting
  9906 | Lair:1   | Received a gift from Okawaru
 10568 | Lair:2   | Identified a scroll of acquirement
 10569 | Lair:2   | Acquired the +1 kite shield of Wisdom {rC+}
 10950 | Lair:2   | Found a staircase to the Shoals.
 11222 | Lair:2   | Noticed an eight-headed hydra
 11231 | Lair:2   | Killed an eight-headed hydra
 11232 | Lair:2   | Reached skill level 10 in Fighting
 11232 | Lair:2   | Reached skill level 15 in Axes
 11232 | Lair:2   | Reached skill level 10 in Armour
 11243 | Lair:2   | Reached skill level 10 in Shields
 11373 | Lair:2   | Noticed Erica
 11383 | Lair:2   | Killed Erica
 11383 | Lair:2   | Received a gift from Okawaru
 11648 | Lair:2   | Reached XP level 12. HP: 103/107 MP: 14/14
 12147 | Lair:3   | Received a gift from Okawaru
 12148 | Lair:3   | Reached ****** piety under Okawaru
 12323 | Lair:3   | Found a hole to the Spider Nest.
 12327 | Lair:3   | Identified the +4 chain mail "Buull" {rElec rF+ Str+5}
 12353 | Lair:3   | Reached skill level 11 in Fighting
 12472 | Lair:3   | Reached skill level 1 in Dodging
 12649 | Lair:3   | Noticed Kirke
 12666 | Lair:3   | Noticed a sphinx
 12941 | Lair:3   | Received a gift from Okawaru
 13284 | Lair:3   | Killed Kirke
 13679 | Lair:4   | Noticed a five-headed hydra
 13691 | Lair:4   | Killed a five-headed hydra
 13709 | Lair:4   | Found a runed translucent door.
 13719 | Lair:4   | Noticed Estrea's ghost (journeyman FeBe)
 13738 | Lair:4   | Received a gift from Okawaru
 13739 | Lair:4   | Reached XP level 13. HP: 116/116 MP: 15/15
 14492 | Lair:4   | Found a staircase to the Slime Pits.
 14492 | Lair:4   | Found a viscous altar of Jiyva.
 14509 | Lair:4   | Reached skill level 12 in Fighting
 14979 | Lair:4   | Killed Estrea's ghost
 15027 | Lair:5   | Entered Level 5 of the Lair of Beasts
 15198 | Lair:5   | Acquired a +5 broad axe of electrocution
 15198 | Lair:5   | Received a gift from Okawaru
 15199 | Lair:5   | Acquired the -2 pair of gloves of Okawaru, Charming {+Inv
                  | rC+}
 15199 | Lair:5   | Received a gift from Okawaru
 15291 | Lair:5   | Received a gift from Okawaru
 15484 | Lair:5   | Reached skill level 1 in Evocations
 15606 | Lair:5   | Reached skill level 5 in Dodging
 15695 | Lair:5   | Noticed a dire elephant
 15786 | Lair:5   | Killed a dire elephant
 15914 | Lair:5   | Identified the +2 robe of Isocsir {rPois rCorr Int+2}
 16037 | Lair:5   | Reached XP level 14. HP: 114/127 MP: 17/17
 16445 | D:10     | Found a glowing silver altar of Zin.
 16480 | D:10     | Noticed Snorg
 16500 | D:10     | Killed Snorg
 16500 | D:10     | Received a gift from Okawaru
 16724 | D:10     | Killed Sonja
 17032 | D:11     | Found a staircase to the Orcish Mines.
 17675 | D:11     | Reached skill level 13 in Fighting
 17835 | Orc:1    | Entered Level 1 of the Orcish Mines
 17867 | Orc:1    | Found Moahamm's Antique Armour Boutique.
 17880 | Orc:1    | Bought an embroidered hat for 189 gold pieces
 18026 | Orc:2    | Entered Level 2 of the Orcish Mines
 18027 | Orc:2    | Noticed Donald
 18045 | Orc:2    | Killed Donald
 18141 | Orc:2    | Found a staircase to the Elven Halls.
 18233 | Orc:2    | Found Viamac's Jewellery Emporium.
 18298 | Orc:2    | Received a gift from Okawaru
 18328 | Orc:2    | Noticed an orc warlord
 18361 | Orc:2    | Killed an orc warlord
 18722 | Orc:2    | Found Hizaofub's Antique Armour Boutique.
 18724 | Orc:2    | Found Moralumy's Antique Weapon Shop.
 18931 | Orc:2    | Found Ikhoch's Magic Scroll Boutique.
 20127 | D:13     | Found a gate to the Vaults.
 20145 | D:13     | Noticed an ironbound preserver
 20156 | D:13     | Killed an ironbound preserver
 20187 | D:13     | Reached skill level 14 in Fighting
 20590 | D:13     | Received a gift from Okawaru
 21245 | D:14     | Found a sacrificial altar of Ru.
 21666 | D:14     | Reached XP level 15. HP: 139/139 MP: 20/20
 21837 | D:14     | You fall into a shaft and drop 1 floor!
 21837 | D:15     | Entered Level 15 of the Dungeon
 22010 | D:15     | Found a stormy altar of Qazlal.
 22010 | D:15     | Found a burning altar of Makhleb.
 22013 | D:15     | Found a shimmering altar of Xom.
 22039 | D:15     | Paralysed by something for 2 turns
 22066 | D:15     | Reached skill level 15 in Fighting
 22518 | D:15     | Noticed a storm dragon
 22535 | D:15     | Killed a storm dragon
 22535 | D:15     | Received a gift from Okawaru
 22946 | D:15     | Received a gift from Okawaru
 22947 | D:15     | Reached skill level 16 in Fighting
 22961 | D:15     | Noticed a tengu reaver
 23195 | D:15     | Reached skill level 15 in Armour
 23477 | D:15     | Reached skill level 15 in Shields
 23538 | D:15     | Noticed a tengu reaver
 23556 | D:15     | Killed a tengu reaver
 23810 | D:15     | Received a gift from Okawaru
 23977 | D:15     | Reached XP level 16. HP: 151/154 MP: 22/22
 23988 | D:15     | Noticed a storm dragon
 23996 | D:15     | Identified the +1 long sword "Liajep" {chaos, Int+2}
 24013 | D:15     | Killed a tengu reaver
 24021 | D:15     | Identified the +8 plate armour of Kamir {Dex+3}
 24044 | D:15     | Killed a storm dragon
 24045 | D:15     | Reached skill level 17 in Fighting
 24367 | D:15     | Found a staircase to the Depths.
 24661 | D:14     | Found an ornate altar of the Wu Jian Council.
 24845 | Shoals:1 | Entered Level 1 of the Shoals
 24870 | Shoals:1 | Reached skill level 10 in Invocations
 24935 | Shoals:1 | Received a gift from Okawaru
 25083 | Shoals:1 | Found Xeqoaziy's General Store.
 25098 | Shoals:1 | Bought a potion of resistance for 150 gold pieces
 26028 | Shoals:2 | Reached skill level 18 in Fighting
 26410 | Shoals:2 | Noticed Jorgrun
 26428 | Shoals:2 | Killed Jorgrun
 26439 | Shoals:2 | Noticed a kraken
 26451 | Shoals:2 | Killed a kraken
 26451 | Shoals:2 | Received a gift from Okawaru
 27287 | Shoals:3 | Found a flickering gateway to a bazaar.
 27292 | Bazaar   | Entered a bazaar
 27306 | Bazaar   | Found Vupachaz's Antique Weapon Shoppe.
 27306 | Bazaar   | Found Voeruohu's Armour Emporium.
 27328 | Bazaar   | Found Vyovixze's Armour Emporium.
 27344 | Bazaar   | Found Wuupaxof's Armour Emporium.
 27527 | Shoals:4 | Entered Level 4 of the Shoals
 27556 | Shoals:4 | Noticed Polyphemus
 27581 | Shoals:4 | Killed Polyphemus
 28418 | Shoals:3 | Reached skill level 19 in Fighting
 28685 | Shoals:3 | Received a gift from Okawaru
 28697 | Shoals:3 | HP: 1/160 [merfolk javelineer/silver javelin (18)]
 28697 | Shoals:3 | Hit by a silver javelin thrown by a merfolk javelineer

Illustrated notes

Levels and vault maps discovered:
D:1:      reono_arrival_forest_river, layout_basic,
          ebering_ecumenical_altar_sacrificial
D:2:      layout_rooms, serial_rivers, chequers_serial_rivers_small_a,
          chequers_serial_rivers_micro_b, chequers_serial_rivers_micro_e,
          chequers_serial_rivers_room_a, chequers_serial_rivers_micro_d,
          minmay_misc_feat_secret_circle, minmay_tetromino_i2, uniq_natasha
D:3:      minmay_angry_zag, layout_loops_cross, nicolae_overflow_squiral,
          serial_shops, nicolae_shop_pleasant_corner_grove
D:4:      layout_basic, slow_altar_1, minmay_temple_entry_large_hall,
          serial_shops, shop, uniq_ijyb
D:5:      layout_basic, nzn_hepliaklqana_mist_gate, serial_shops, shop,
          uniq_edmund, uniq_crazy_yiuf_cottage
D:6:      layout_rooms, lightli_ossuary_entry_decrepit_ruins,
          kennysheep_another_room, serial_library_hellmonk_double_dead_end,
          billiards_dpeg, uniq_blork_the_orc
D:7:      layout_cave_pods
D:8:      layout_gridville
D:9:      layout_roguey, nicolae_tso_swordbearing_angel,
          gammafunk_temple_overflow_forgotten, lair_entry_dummy, uniq_maggie,
          uniq_joseph
D:10:     layout_cave_pools, zin_academy, uniq_snorg, uniq_sonja, uniq_harold
D:11:     layout_loops_ring, zombieorc2_lemuel,
          serial_library_hellmonk_big_corner, grunt_ministairs_3
D:12:     layout_long_grid
D:13:     kennysheep_ambush_hall, layout_loops_ring,
          hellmonk_vaults_order_and_chaos
D:14:     layout_loops_corners, nicolae_wu_jian_immortal_techniques,
          nicolae_ru_great_annihilating_truth
D:15:     hangedman_slaughterboxes
Temple:   nicolae_temple_ecumenical_triangle
Lair:1:   layout_small_grid, pdpol_lair_neglected_garden,
          infiniplex_staircase_pool_2
Lair:2:   statuecave_lemuel, layout_cave_pods, minmay_shoals_entry_beasts,
          uniq_erica
Lair:3:   layout_concentric_octagons, spider_nest_entry_a, serial_bayou_pond_c,
          uniq_kirke
Lair:4:   layout_regular_city, minmay_slime_entry_pillars,
          ebering_ghost_reflecting_pool, portal_ice_cave_rime,
          grunt_megastairs_4, lemuel_fruit_fields
Lair:5:   hangedman_lair_in_review, layout_misc_corridors
Shoals:1: layout_shoals, serial_shops, shop, nicolae_shoals_goliath_grotto
Shoals:2: nicolae_shoals_offshore_bank_account, layout_shoals,
          nicolae_shoals_kraken_intersection, uniq_jorgrun
Shoals:3: layout_shoals, serial_shops, bzr_entry_road
Shoals:4: shoals_end_grunt_ice, layout_shoals, uniq_polyphemus
Orc:1:    layout_caves, serial_shops, shop
Orc:2:    grunt_orc_community_town_hall, layout_caves,
          grunt_orc_community_big_house_2, grunt_orc_community_big_house_2,
          grunt_orc_community_house_1, grunt_orc_community_house_2,
          grunt_orc_community_house_1, grunt_orc_community_house_3,
          grunt_orc_community_house_2, grunt_orc_community_house_1, uniq_donald

Skill      XL: |  1  2  3  4  5  6  7  8  9 10 11 12 13 14 15 16 |
---------------+-------------------------------------------------+-----
Axes           | 3 4 5 6 7 8 9 10 11 13 15 16 18 | 18.0
Fighting       | 4 6 7 8 10 11 12 14 16 19 | 19.1
Armour         | 4 6 7 8 10 11 12 14 15 16 | 16.6
Shields        | 4 6 7 8 10 11 12 13 15 16 | 16.4
Invocations    | 1 2 3 5 6 8 9 10 | 10.0
Dodging        | 3 5 |  5.0
Evocations     | 2 4 |  4.0

Action                     |  1- 3 |  4- 6 |  7- 9 | 10-12 | 13-15 | 16-18 || total
---------------------------+-------+-------+-------+-------+-------+-------++-------
  Melee: War axe           |    52 |   160 |   318 |    54 |       |       ||   584
         Headbutt          |     5 |    22 |    74 |    64 |   238 |   112 ||   515
         Broad axe         |       |       |       |   284 |   837 |   394 ||  1515
         Morningstar       |       |       |       |     8 |    99 |       ||   107
         Unarmed           |       |       |       |     5 |       |       ||     5
 Invoke: Heroism           |       |       |     2 |     6 |    13 |     6 ||    27
         Finesse           |       |       |       |       |     5 |     4 ||     9
         Receive Weapon    |       |       |       |       |     1 |       ||     1
         Receive Armour    |       |       |       |       |     1 |       ||     1
  Evoke: Wand              |       |       |       |     1 |     1 |     2 ||     4
    Use: Scroll            |       |    14 |     4 |    13 |     6 |     2 ||    39
         Potion            |       |     4 |     1 |     3 |     4 |     1 ||    13
   Stab: Paralysed         |       |       |       |       |     1 |       ||     1
 Armour: Scale mail        |    33 |       |       |       |       |       ||    33
         Plate armour      |     6 |   119 |   188 |   326 |       |   237 ||   876
         Skin              |       |    52 |    31 |    15 |       |       ||    98
         Chain mail        |       |       |       |    56 |   397 |     5 ||   458
  Dodge: Dodged            |    16 |    46 |    70 |   109 |   383 |   101 ||   725
  Block: Buckler           |    13 |    38 |    46 |       |       |       ||    97
         Kite shield       |       |       |    42 |   261 |   786 |   375 ||  1464
         Reflection        |       |       |       |       |    51 |    24 ||    75
